 Dungeon Crawl Stone Soup version 0.28.0-1-gb440e238dd (webtiles) character file.

Game seed: 12409131999066646641

3392 sanka the Spear-Bearer (level 10, -7/80 HPs)
             Began as a Merfolk Conjurer on Feb 22, 2022.
             Was a Priest of Trog.
             Mangled by Erica (18 damage)
             ... on level 8 of the Dungeon.
             The game lasted 00:15:23 (11399 turns).

sanka the Spear-Bearer (Merfolk Conjurer)          Turns: 11399, Time: 00:15:23

Health: -7/80      AC:  4    Str:  9    XL:     10   Next: 4%
Magic:  13/13      EV: 17    Int: 21    God:    Trog [***...]
Gold:   302        SH:  0    Dex: 16    Spells: 12/13 levels left

rFire   . . .      SeeInvis .   a - +7 rapier of Irritation {venom, Int+4 Stlth+}
rCold   . . .      Faith    .   (no shield)
rNeg    + . .      Spirit   .   p - +0 robe
rPois   .          Reflect  .   q - +0 helmet
rElec   .          Harm     .   j - +0 cloak
rCorr   .          Rampage  .   (no gloves)
Will    .....                   (no boots)
Stlth   +++.......              (no amulet)
HPRegen 0.23/turn               w - ring of positive energy
MPRegen 0.13/turn               (no ring)

@: on berserk cooldown, slowed, studying Dodging, very slow
A: (nimble swimmer 2), mertail
a: Renounce Religion, Berserk, Trog's Hand


You were on level 8 of the Dungeon.
You worshipped Trog.
Trog was most pleased with you.
You visited 1 branch of the dungeon, and saw 8 of its levels.

You collected 386 gold pieces.
You spent 84 gold pieces at shops.

Inventory:

Hand Weapons
 a - the +7 rapier of Irritation (weapon) {venom, Int+4 Stlth+}
   (You found it on level 5 of the Dungeon)

   It poisons the flesh of those it strikes.
   Int:       It affects your intelligence (+4).
   Stlth:     It makes you more stealthy.
 b - a +4 dagger of speed
 e - a +0 dagger
 k - a +0 hand axe
 l - a +0 morningstar
 m - a +1 vorpal spear
 B - a +2 dagger of venom
 C - a +2 spear of flaming
 E - a +0 halberd
 I - a +4 trident
Missiles
 i - 2 throwing nets
Armour
 j - a +0 cloak (worn)
 p - a +0 robe (worn)
 q - a +0 helmet (worn)
Jewellery
 w - a ring of positive energy (left hand)
Wands
 A - a wand of digging (4)
 G - a wand of polymorph (10)
Scrolls
 c - a scroll of torment {unknown}
 d - 3 scrolls of vulnerability
 f - 2 scrolls of fog
 g - a scroll of enchant armour
 h - 2 scrolls of immolation
 n - a scroll of enchant weapon
 s - 2 scrolls of teleportation
 x - a scroll of magic mapping
 z - 2 scrolls of fear
Potions
 o - 5 potions of curing
 r - 2 potions of heal wounds {unknown}
 t - a potion of resistance {unknown}
 u - 3 potions of brilliance {unknown}
 v - a potion of magic {unknown}
 D - a potion of degeneration {unknown}
 F - a potion of flight {unknown}
 H - a potion of lignification {unknown}
 J - a potion of haste {unknown}


   Skills:
 + Level 7.8 Fighting
 * Level 12.8 Polearms
 + Level 10.2 Dodging
 - Level 2.1 Stealth
 - Level 2.0 Spellcasting
 - Level 3.7 Conjurations


You had 12 spell levels left.
You knew the following spells:

 Your Spells              Type           Power      Damage    Failure   Level
a - Magic Dart            Conj           68%        1d6       3%          1

Your spell library contained the following spells:

 Spells                   Type           Power      Damage    Failure   Level
 Searing Ray              Conj           34%        2d5       4%          2
 Dazzling Flash           Conj/Hex       18%        N/A       21%         3
 Fulminant Prism          Conj/Hex       4%         3d6       56%         4
 Iskenderun's Mystic Bla  Conj/Tloc      9%         2d4       56%         4


Dungeon Overview and Level Annotations

Branches:
Dungeon (8/15)             Temple (0/1) D:5
   Lair: D:8-11

Altars:
Ashenzari
Cheibriados
Dithmenos
Elyvilon
Hepliaklqana
Kikubaaqudgha
Makhleb
Nemelex Xobeh
Ru
Trog
Wu Jian
Xom
Yredelemnul
The Shining One

Shops:
D:7 *

Annotations:
D:8 Erica


Innate Abilities, Weirdness & Mutations

((You are very nimble when in or above water. (Stealth+, EV+, Speed+++)))
Your lower body shifts to a powerful aquatic tail in water.


Message History

You hit Erica.
Erica looks as sick as possible!
Erica is severely wounded.
Erica casts a spell at you.
You are confused.
You barely miss Erica.
Erica is severely wounded.
You're too confused to move!
Erica hits you with a +1 scimitar of flaming.
Erica burns you.
Unknown command.
You bump into the rock wall.
You feel a strong urge to attack something.
Erica hits you with a +1 scimitar of flaming!
Erica burns you.
Unknown command.
You bump into the rock wall.
You are no longer berserk.
You are exhausted.
You feel yourself slow down.
You're too confused to move!
Erica closely misses you.
Erica points at you and mumbles some strange words.
You resist with significant effort.
You closely miss Erica.
Erica is almost dead.
Erica gestures at you while chanting. The lance of force hits you!
You are knocked back by the lance of force.
You feel less confused.
Erica hits you with a +1 scimitar of flaming!
* * * LOW HITPOINT WARNING * * *
Erica burns you.
* * * LOW HITPOINT WARNING * * *
Erica hits you with a +1 scimitar of flaming!
* * * LOW HITPOINT WARNING * * *
Erica burns you.
* * * LOW HITPOINT WARNING * * *
Unknown command.
You feel better.
Erica hits you with a +1 scimitar of flaming!!
You die...

### ... #.# #.# #######
#.#####.....# #
#.#...#.###.# #.#@#.#.#.#
#.# #.#@#.#)#.# #†#
#...).#.#[# #.#
#.....#.#.# #.###
##.....#.#.###...#
...........>..####.#
####..##.####.####.#
#..##........##.# ####+##
#..#.......#....#
#.....####..#......##..###


You could see Erica (very poisoned).

Vanquished Creatures
  2 centaur zombies
  A kobold demonologist (D:7)
  A steam dragon (D:4)
  2 water moccasins
  3 black bears
  2 orc warriors
  2 ogres (D:5)
  A centaur (D:8)
  A phantom (D:5)
  A wyvern skeleton (D:6)
  4 scorpions
  A wyvern zombie (D:6)
  A water moccasin zombie (D:6)
  4 killer bees (D:8)
  5 wights (D:7)
  A howler monkey (D:3)
  2 bullfrog zombies (D:7)
  A centaur skeleton (D:7)
  3 hounds
  2 jellies (D:6)
  3 orc priests
  A gnoll shaman (D:5)
  An iguana (D:4)
  4 orc wizards
  A howler monkey zombie (D:8)
  Robin (D:2)
  9 gnolls
  A howler monkey skeleton (D:6)
  6 adders
  A shadow imp (D:5)
  4 white imps
  An ufetubus (D:5)
  An adder skeleton (D:4)
  A worm (D:3)
  3 dart slugs
  22 orcs
  6 bats
  6 endoplasms
  3 giant cockroaches (D:1)
  9 hobgoblins
  4 quokkas
  8 ball pythons
  2 frilled lizards
  15 goblins
  5 kobolds
  3 rats
161 creatures vanquished.

Vanquished Creatures (others)
  A fungus (D:1)
  A withered plant (D:1)
2 creatures vanquished.

Grand Total: 163 creatures vanquished

Notes
Turn   | Place    | Note
-------+----------+-------------------------------------------
     0 | D:1      | sanka the Merfolk Conjurer began the quest for the Orb.
     0 | D:1      | Reached XP level 1. HP: 13/13 MP: 3/3
   459 | D:1      | Reached XP level 2. HP: 19/19 MP: 3/5
   637 | D:1      | Found a faded altar of an unknown god.
   646 | D:1      | Prayed at the altar of an unknown god.
   646 | D:1      | Became a worshipper of Trog the Wrathful
   646 | D:1      | Reached * piety under Trog
  1788 | D:2      | Reached skill level 1 in Fighting
  1795 | D:2      | Reached XP level 3. HP: 20/26 MP: 6/6
  2314 | D:2      | Reached skill level 1 in Polearms
  2344 | D:2      | Reached XP level 4. HP: 8/33 MP: 7/7
  2859 | D:2      | Reached skill level 2 in Polearms
  3055 | D:2      | Noticed Robin
  3099 | D:2      | Killed Robin
  3306 | D:2      | Found a broken altar of Ashenzari.
  3528 | D:3      | Reached skill level 3 in Polearms
  3528 | D:3      | Reached XP level 5. HP: 39/39 MP: 8/8
  3916 | D:3      | Reached skill level 4 in Polearms
  4335 | D:4      | Found a basalt altar of Yredelemnul.
  4335 | D:4      | Found a burning altar of Makhleb.
  4335 | D:4      | Found a snail-covered altar of Cheibriados.
  4341 | D:4      | Found a shimmering altar of Xom.
  4342 | D:4      | Found an ancient bone altar of Kikubaaqudgha.
  4343 | D:4      | Noticed a steam dragon
  4344 | D:4      | Found an ornate altar of the Wu Jian Council.
  4353 | D:4      | Killed a steam dragon
  4354 | D:4      | Reached skill level 5 in Polearms
  4354 | D:4      | Reached XP level 6. HP: 47/47 MP: 9/9
  4358 | D:4      | Found a glowing golden altar of the Shining One.
  4439 | D:4      | Found a shadowy altar of Dithmenos.
  4442 | D:4      | Found a hazy altar of Hepliaklqana.
  4443 | D:4      | Found a white marble altar of Elyvilon.
  4457 | D:4      | Reached ** piety under Trog
  4458 | D:4      | Reached skill level 5 in Dodging
  5258 | D:5      | Entered Level 5 of the Dungeon
  5307 | D:5      | Reached skill level 6 in Polearms
  5307 | D:5      | Reached XP level 7. HP: 46/52 MP: 10/10
  5337 | D:5      | Reached skill level 7 in Polearms
  5892 | D:5      | Found a staircase to the Ecumenical Temple.
  5895 | D:5      | Identified the +7 rapier of Irritation {venom, Int+4
                  | Stlth+}
  5947 | D:5      | Reached skill level 8 in Polearms
  5947 | D:5      | Reached XP level 8. HP: 51/61 MP: 11/11
  6283 | D:5      | Reached skill level 5 in Fighting
  6442 | D:5      | Found a bloodstained altar of Trog.
  6442 | D:5      | Found a sparkling altar of Nemelex Xobeh.
  6523 | D:6      | Reached skill level 9 in Polearms
  7513 | D:6      | Reached skill level 10 in Polearms
  7744 | D:6      | Found a sacrificial altar of Ru.
  8093 | D:6      | Reached XP level 9. HP: 50/69 MP: 12/12
  9004 | D:7      | Noticed a kobold demonologist
  9014 | D:7      | Killed a kobold demonologist
  9015 | D:7      | Reached skill level 11 in Polearms
  9138 | D:7      | Reached *** piety under Trog
  9718 | D:7      | Reached skill level 12 in Polearms
 10243 | D:7      | Found Bakif's General Store.
 10263 | D:7      | Bought 3 scrolls of identify for 84 gold pieces
 10271 | D:7      | Identified a scroll of acquirement
 10273 | D:7      | Acquired a manual of Dodging
 10774 | D:8      | Reached skill level 10 in Dodging
 11018 | D:8      | Reached XP level 10. HP: 70/80 MP: 13/13
 11381 | D:8      | Noticed Erica
 11398 | D:8      | HP: 1/80 [Erica (6)]
 11399 | D:8      | Mangled by Erica

Illustrated notes

Levels and vault maps discovered:
D:1:      co_arrival_square_in_a_square_in_a_square, layout_rooms,
          shapermc_ecumenical_altar_gd
D:2:      layout_rooms, basic_altar, uniq_robin
D:3:      layout_basic, minivault_19
D:4:      layout_basic, nicolae_overflow_hallway_of_the_gods, minmay_pentangle
D:5:      layout_cave_pools, gammafunk_temple_overflow_elements,
          minmay_temple_entry_offerings
D:6:      layout_gridville, nicolae_ru_path_of_blood
D:7:      layout_cave_pods, minivault_1, kennysheep_windowed_goal
D:8:      layout_basic, lair_entry_dummy, uniq_pikel, uniq_erica

Skill      XL: |  1  2  3  4  5  6  7  8  9 |
---------------+----------------------------+-----
Dodging        | 3 4 5 6 8 10 | 10.2
Fighting       | 1 2 3 4 6 7 |  7.8
Polearms       | 1 3 5 6 8 10 12 | 12.8
Stealth        | |  2.1
Spellcasting   | |  2.0
Conjurations   | |  3.7

Action                   |  1- 3 |  4- 6 |  7- 9 | 10-12 || total
-------------------------+-------+-------+-------+-------++-------
Melee: Dagger            |   103 |   188 |    52 |       ||   343
       Hand axe          |     9 |       |       |       ||     9
       Punch             |     1 |     2 |     2 |       ||     5
       Morningstar       |    27 |    27 |       |       ||    54
       Rapier            |       |       |   158 |    14 ||   172
       Halberd           |       |       |    86 |       ||    86
 Cast: Magic Dart        |     9 |       |       |       ||     9
Invok: Berserk           |     6 |     4 |     9 |     1 ||    20
  Use: Scroll            |       |       |    11 |       ||    11
       Potion            |       |       |       |     1 ||     1
 Stab: Distracted        |     1 |       |     1 |       ||     2
       Sleeping          |       |     5 |     5 |     2 ||    12
Armor: Robe              |    35 |    47 |    63 |       ||   145
Dodge: Dodged            |    98 |   112 |   247 |     9 ||   466
